 Dungeon Crawl Stone Soup version 0.31-a0-145-g046c7d2549 (webtiles) character file.

Game seed: 13142004833810767735

220 Ijustatesigmund the Stinger (level 5, -5/33 HPs)
             Began as an Octopode Venom Mage on June 6, 2023.
             Slain by Grinder (6 damage)
             ... on level 4 of the Dungeon.
             The game lasted 00:09:05 (3938 turns).

Ijustatesigmund the Stinger (Octopode Venom Mage)   Turns: 3938, Time: 00:09:06

Health: -5/33      AC:  1    Str:  7    XL:     5   Next: 97%
Magic:  9/9        EV: 13    Int: 19    God:
Gold:   224        SH:  0    Dex: 13    Spells: 4/10 levels left

rFire   . . .        c - +3 whip (venom)
rCold   . . .        (no shield)
rNeg    . . .        (helmet restricted)
rPois   .            b - amulet of magic regeneration
rElec   .            (no ring)
rCorr   .            (no ring)
SInv    .            (no ring)
Will    .....        (no ring)
Stlth   +++          (no ring)
HPRegen 0.25/turn    (no ring)
MPRegen 0.51/turn    (no ring)
                     (no ring)

%: no passive effects
@: on berserk cooldown, attractive, slowed, very slow
A: almost no armour, amphibious, 8 rings, camouflage 1, gelatinous body 1,
(nimble swimmer 1), tentacles
a: no special abilities


You were on level 4 of the Dungeon.
You visited 1 branch of the dungeon, and saw 4 of its levels.

You collected 224 gold pieces.

Inventory:

Hand Weapons
 c - a +3 whip of venom (weapon)
Jewellery
 b - an amulet of magic regeneration (around mantle)
 e - a +6 ring of strength
Potions
 a - a potion of magic
 d - a potion of curing
 f - a potion of haste
 g - a potion of resistance
 h - a potion of heal wounds {unknown}
 i - 3 potions of berserk rage
 j - 2 potions of brilliance {unknown}
 l - 2 potions of attraction
 m - 2 potions of mutation {unknown}
 n - a potion of lignification {unknown}


   Skills:
 - Level 1.5 Fighting
 + Level 1.8 Maces & Flails
 - Level 2.0 Dodging
 - Level 2.6 Stealth
 + Level 3.2 Spellcasting
 + Level 1.9 Conjurations
 - Level 1.0 Transmutations
 + Level 2.3 Air Magic
 - Level 4.2 Poison Magic


You had 4 spell levels left.
You knew the following spells:

 Your Spells              Type           Power      Damage    Failure   Level
a - Sting                 Tmut/Pois      52%        1d5       4%          1
b - Poisonous Vapours     Pois/Air       30%        N/A       6%          2
c - Mephitic Cloud        Conj/Pois/Air  13%        N/A       14%         3

Your spell library contained the following spells:

 Spells                   Type           Power      Damage    Failure   Level
 Olgreb's Toxic Radiance  Pois           19%        N/A       26%         4


Dungeon Overview and Level Annotations

Branches:
Dungeon (4/15)
 Temple: D:4-7

Altars:
Kikubaaqudgha
Wu Jian
Zin

Annotations:
D:4 Grinder


Innate Abilities, Weirdness & Mutations

You cannot wear most types of armour.
You are amphibious.
You can wear up to eight rings at the same time.
Your skin changes colour to match your surroundings (Stealth+).
Your rubbery body absorbs attacks. (AC +1, EV +1)
((You are camouflaged when in or above water. (Stealth+)))
You have tentacles for arms and can constrict up to eight enemies at once.


Message History

You completely miss Grinder. You grab Grinder.
Grinder is lightly wounded.
You constrict Grinder. Grinder barely misses you.
Grinder grins, showing sharp teeth.
Grinder hits you but does no damage.
You barely miss Grinder. You squeeze Grinder!
Grinder is moderately wounded.
You constrict Grinder, but do no damage.
Grinder barely misses you.
You hit Grinder.
Grinder is moderately wounded.
You constrict Grinder. Grinder barely misses you. Grinder gestures at you.
You suddenly lose the ability to move!
You lose your grip on Grinder.
Grinder hits you.
You writhe in agony.
Grinder gestures at you.
You shrug off the repeated paralysis!
Grinder hits you!
You writhe in agony.
Grinder gestures at you. You resist with significant effort.
You can move again.
You hit Grinder. Your grab misses Grinder.
Grinder is heavily wounded.
Grinder hits you!
* * * LOW HITPOINT WARNING * * *
You writhe in agony.
* * * LOW HITPOINT WARNING * * *
You barely miss Grinder. You grab Grinder.
Grinder is heavily wounded.
You constrict Grinder, but do no damage.
Grinder grins, showing sharp teeth.
Grinder hits you.
* * * LOW HITPOINT WARNING * * *
You writhe in agony.
* * * LOW HITPOINT WARNING * * *
Grinder closely misses you.
It was a potion of attraction.
You feel attractive to monsters.
You constrict Grinder. Grinder hits you.
You die...

#. ###.. #. #.. #.####
#.. #....######..
#............
#..........[.
###.########.
##)#########............
......5@.......#########
################


You could see Grinder.

Vanquished Creatures
  A kobold brigand (D:4)
  A scorpion (D:4)
  2 adders
  2 worms
  A dart slug (D:1)
  4 orcs
  4 ball pythons
  2 endoplasms
  3 giant cockroaches
  9 goblins
  10 hobgoblins
  9 kobolds
  4 quokkas
  4 bats
  6 frilled lizards
  7 rats
69 creatures vanquished.

Notes
Turn   | Place    | Note
-------+----------+-------------------------------------------
     0 | D:1      | Ijustatesigmund the Octopode Venom Mage began the quest for
                  | the Orb.
     0 | D:1      | Reached XP level 1. HP: 11/11 MP: 3/3
   216 | D:1      | Reached XP level 2. HP: 18/18 MP: 1/5
   273 | D:1      | Learned a level 2 spell: Poisonous Vapours
   368 | D:1      | Reached skill level 1 in Fighting
   568 | D:1      | Reached skill level 4 in Poison Magic
   867 | D:1      | Reached XP level 3. HP: 23/23 MP: 3/6
  1457 | D:2      | Reached skill level 1 in Air Magic
  1935 | D:3      | Learned a level 3 spell: Mephitic Cloud
  2059 | D:3      | Reached XP level 4. HP: 28/28 MP: 3/7
  3540 | D:4      | Reached skill level 1 in Conjurations
  3578 | D:4      | Found a glowing silver altar of Zin.
  3580 | D:4      | Found an ancient bone altar of Kikubaaqudgha.
  3580 | D:4      | Found an ornate altar of the Wu Jian Council.
  3624 | D:4      | Noticed a kobold brigand
  3625 | D:4      | Noticed a scorpion
  3664 | D:4      | Killed a scorpion
  3665 | D:4      | Reached skill level 1 in Maces & Flails
  3665 | D:4      | Reached XP level 5. HP: 7/33 MP: 3/9
  3665 | D:4      | Killed a kobold brigand
  3693 | D:4      | Noticed a two-headed ogre
  3920 | D:4      | Noticed Grinder
  3931 | D:4      | Paralysed by Grinder for 5 turns
  3937 | D:4      | HP: 1/33 [Grinder (3)]
  3938 | D:4      | Slain by Grinder

Illustrated notes

Levels and vault maps discovered:
D:1:      ebering_hopf_link, layout_rooms, amcnicky_mini_corridor_feature
D:2:      layout_basic, corexii_shack, minmay_small_reverse_x
D:3:      layout_basic, serial_corexii_hall, chequers_hall_statues_corner_a,
          chequers_hall_statues_corner_a, corexii_hall_statues_s,
          corexii_hall_statues_s
D:4:      layout_loops_ring, led_xom_imps, yredelemnul_forgotten_temple_becter,
          nicolae_overflow_hidden_temple, minmay_door_square,
          serial_park_tiny_pond, minmay_manual_moon, uniq_grinder

Skill      XL: |  1  2  3  4 |
---------------+-------------+-----
Fighting       | 1 |  1.5
Poison Magic   | 4 |  4.2
Air Magic      | 1 2 |  2.3
Conjurations   | 1 |  1.9
Maces & Flails | 1 |  1.8
Spellcasting   | 3 |  3.2
Dodging        | |  2.0
Stealth        | |  2.6
Transmutations | |  1.0

Action                     |  1- 3 |  4- 6 || total
---------------------------+-------+-------++-------
  Melee: Hand axe          |    10 |       ||    10
         Constrict         |    15 |    12 ||    27
         Tentacles         |     5 |     8 ||    13
         Whip              |    39 |    51 ||    90
   Cast: Sting             |    17 |     4 ||    21
         Poisonous Vapours |    17 |     9 ||    26
         Mephitic Cloud    |       |     7 ||     7
    Use: Scroll            |    10 |       ||    10
         Potion            |       |     3 ||     3
   Stab: Sleeping          |     1 |     5 ||     6
 Armour: Skin              |     2 |     3 ||     5
  Dodge: Dodged            |    30 |    20 ||    50

Table legend: (Time is in decaauts)
 A = Elapsed time spent in this place.
 B = Non-inter-level travel time spent in this place.
 C = Inter-level travel time spent in this place.
 D = Time resting spent in this place.
 E = Time spent auto-exploring this place.
 F = Levels seen in this place.
 G = Mean time per level.
                   A        B        C        D        E       F      G
               +--------+--------+--------+--------+--------+-----+--------+
         Total |   3930 |   3876 |     54 |   1251 |   2094 |   4 |  982.5 |
       Dungeon |   3930 |   3876 |     54 |   1251 |   2094 |   4 |  982.5 |
               +--------+--------+--------+--------+--------+-----+--------+

Top non-repeatable levels by time:
     D:3: 1742 daAuts
     D:1: 1023 daAuts
     D:2: 777 daAuts
     D:4: 387 daAuts
